Map: Whirlwind LE (Void)

Players

Fropez

  • Race: Protoss Protoss
  • League: Gold
  • Spawn Location: 1:00

Laviathan - Winner!

  • Race: Terran Terran
  • League: Gold
  • Spawn Location: 11:00

VOD

Have the link to the VOD?

Description

Time

  • Played on: Dec. 9, 2016, 12:54 p.m.
  • Length: 13:02
Show
View Real Time Build Order
Export as new Build Order

Fropez Protoss 

Build Orders: 1 Gate Expand, Oracle Opening 

Get SALT Encoding   

  12  0:01  Probe (Chrono Boost)  
  13  0:13  Pylon  
  13  0:17  Probe (Chrono Boost)  
  14  0:27  Probe (Chrono Boost)  
  15  0:36  Gateway  
  15  0:38  Probe (Chrono Boost)  
  16  0:45  Assimilator  
  16  0:49  Probe (Chrono Boost)  
  18  1:23  Nexus  
  17  1:29  Cybernetics Core  
  17  1:31  Probe (Chrono Boost)  
  18  1:41  Pylon  
  18  1:48  Assimilator  
  18  1:49  Probe (Chrono Boost)  
  19  2:00  Probe (Chrono Boost)  
  20  2:04  Assimilator  
  20  2:11  Probe (Chrono Boost)  
  22  2:23  Probe (Chrono Boost), Stargate  
  22  2:30  Warp Gate (Chrono Boost)  
  22  2:33  Probe (Chrono Boost)  
  22  2:35  Probe (Chrono Boost)  
  24  2:44  Probe  
  25  2:46  Probe  
  26  2:56  Probe  
  26  2:58  Probe  
  27  3:02  Pylon  
  28  3:05  Oracle (Chrono Boost)  
  31  3:14  Stalker  
  31  3:16  Probe  
  31  3:19  Probe  
  35  3:28  Mothership Core  
  35  3:33  Probe  
  38  3:48  Oracle (Chrono Boost)  
  41  4:03  Probe x2  
  41  4:04  Stalker  
  45  4:15  Probe x2  
  47  4:31  Probe x2  
  49  4:43  Probe  
  50  4:57  Assimilator  
  50  5:05  Robotics Facility  
  50  5:19  Nexus  
  50  5:23  Pylon  
  50  5:26  Pylon  
  50  5:28  Assimilator  
  50  5:31  Probe x2  
  50  5:34  Assimilator  
  52  5:36  Pylon  
  52  5:39  Pylon  
  52  5:41  Gateway  
  52  5:42  Gateway x2  
  48  5:43  Probe  
  48  5:46  Stalker  
  51  5:52  Observer  
  51  6:01  Probe x2  
  52  6:10  Stalker  
  54  6:13  Probe  
  54  6:14  Observer  
  55  6:36  Stalker  
  57  6:41  Probe  
  57  6:42  Probe x2  
  60  6:51  Stalker x3  
  66  6:54  Probe  
  66  6:55  Probe  
  66  6:56  Probe  
  69  7:03  Stalker  
  67  7:17  Probe  
  67  7:18  Probe x2  
  72  7:22  Immortal (Chrono Boost)  
  72  7:26  Adept x3  
  72  7:27  Adept  
  80  7:45  Probe  
  80  7:46  Probe x2  
  83  7:55  Probe  
  85  7:58  Probe x2  
  85  8:03  Stalker  
  85  8:04  Stalker x2  
  92  8:06  Probe  
  92  8:09  Nexus  
  92  8:10  Probe  
  92  8:12  Probe  
  95  8:13  Assimilator  
  95  8:14  Pylon  
  95  8:16  Probe, Immortal (Chrono Boost)  
  95  8:17  Assimilator  
  98  8:21  Adept, Pylon  
  98  8:24  Pylon  
  98  8:30  Pylon  
  98  8:33  Probe x2  
  100  8:35  Pylon  
  100  8:39  Probe  
  101  8:42  Adept x3  
  101  8:43  Adept  
  101  8:48  Pylon  
  109  8:51  Pylon  
  109  8:54  Pylon  
  109  8:57  Pylon  
  103  9:07  Adept x4  
  101  9:30  Adept x4  
  108  9:38  Mothership Core (Chrono Boost)  
  102  9:43  Gateway  
  102  9:44  Gateway  
  101  9:48  Gateway  
  101  9:51  Gateway  
  95  10:07  Probe x3 (Chrono Boost)  
  98  10:08  Probe (Chrono Boost)  
  98  10:11  Stalker x2  
  98  10:12  Stalker x2  
  105  10:36  Probe x3 (Chrono Boost)  
  105  10:37  Probe (Chrono Boost)  
  109  10:54  Probe x2 (Chrono Boost)  
  109  10:55  Probe (Chrono Boost)  
  108  11:03  Stalker  
  108  11:04  Stalker x5  
  108  11:05  Stalker x2  
  118  11:21  Pylon  
  118  11:22  Forge  
  118  11:25  Pylon, Forge  
  118  11:26  Immortal  
  122  11:33  Adept  
  122  11:34  Adept x3  
  130  11:40  Pylon  
  130  11:48  Adept x2  
  73  12:10  Adept x3  
  73  12:11  Adept x5  
  71  12:45  Adept x3  
  71  12:46  Adept x5  
Show
View Real Time Build Order
Export as new Build Order

Laviathan Terran - Winner!

Build Orders: Liberator Opening, Reaper Expand, MMM Bio 

Get SALT Encoding   

  12  0:01  SCV  
  13  0:13  SCV  
  14  0:18  Supply Depot  
  14  0:25  SCV  
  15  0:40  SCV  
  15  0:41  Barracks  
  16  0:45  Refinery  
  16  0:52  SCV  
  17  1:04  SCV  
  18  1:16  SCV  
  19  1:28  Reaper  
  19  1:29  Orbital Command  
  20  1:41  Command Center  
  20  1:50  Barracks  
  20  1:55  SCV  
  21  2:07  SCV  
  22  2:10  Supply Depot  
  22  2:16  Barracks Reactor  
  22  2:19  SCV  
  23  2:24  Refinery, Factory  
  23  2:31  SCV  
  24  2:42  Barracks Tech Lab  
  24  2:43  SCV  
  25  2:54  Orbital Command  
  25  2:55  Marine x2  
  25  2:57  Supply Depot  
  27  2:59  SCV  
  27  3:05  Stimpack, Marine  
  29  3:14  SCV  
  29  3:18  Marine x2  
  32  3:20  Supply Depot  
  32  3:29  Starport  
  32  3:30  Factory Reactor  
  32  3:32  SCV  
  32  3:33  SCV  
  34  3:41  Marine x3  
  37  3:54  SCV x2  
  39  3:58  Liberator  
  39  3:59  Marine x3  
  40  4:08  SCV x2  
  42  4:12  Widow Mine x2  
  49  4:20  Marine x2  
  49  4:21  Marine  
  52  4:25  SCV x2  
  54  4:37  SCV  
  54  4:38  Marine  
  55  4:44  Engineering Bay  
  56  4:56  Marine x3  
  59  5:00  SCV x2  
  59  5:05  Command Center, Starport Tech Lab  
  61  5:12  SCV  
  61  5:13  Factory Tech Lab  
  62  5:15  Missile Turret  
  62  5:17  SCV  
  62  5:20  Missile Turret  
  62  5:31  Combat Shields  
  62  5:40  Refinery  
  62  5:43  Supply Depot  
  62  5:44  Supply Depot  
  62  5:51  Terran Infantry Weapons Level 1  
  62  5:55  Barracks  
  62  5:57  Barracks  
  62  6:04  Marine x3, SCV x2  
  62  6:05  Supply Depot  
  62  6:10  Medivac x2  
  71  6:14  Supply Depot  
  71  6:16  SCV x2  
  73  6:22  Marine  
  74  6:27  Orbital Command  
  74  6:28  SCV x2  
  76  6:33  Refinery  
  76  6:37  Supply Depot  
  76  6:40  Medivac  
  76  6:41  Siege Tank, SCV x2  
  83  6:47  Missile Turret  
  83  6:48  Supply Depot  
  83  6:49  Supply Depot  
  83  6:53  SCV  
  84  6:58  Engineering Bay, Armory  
  83  7:04  Orbital Command  
  83  7:05  Barracks Reactor  
  83  7:08  Concussive Shells, Factory  
  80  7:26  Orbital Command  
  64  7:39  Marine x2  
  64  7:40  Marine x3  
  67  7:44  Supply Depot  
  67  7:45  Marine  
  68  7:57  Marine x2  
  68  7:58  Marine x2  
  72  7:59  SCV x3  
  72  8:03  Marine x2  
  72  8:04  Medivac  
  72  8:05  Factory Tech Lab, Medivac  
  81  8:07  Supply Depot  
  81  8:11  SCV x2  
  83  8:15  Marine  
  84  8:25  Missile Turret  
  84  8:26  SCV x3  
  87  8:32  Missile Turret  
  87  8:37  Terran Vehicle Weapons Level 1, Terran Infantry Weapons Level 2  
  87  8:38  SCV x3, Terran Infantry Armor Level 1  
  90  8:44  Refinery  
  90  8:46  Refinery  
  90  8:47  Siege Tank x2  
  93  9:16  Marine x5  
  93  9:17  Marine  
  98  9:18  SCV x2  
  98  9:20  Siege Tank x2  
  102  9:34  Marine x2  
  102  9:38  Marine x4  
  107  9:51  Marine  
  107  9:52  Marine  
  94  9:56  Marine x3  
  97  10:11  Marine  
  97  10:12  Marine x2  
  97  10:14  Marine x3  
  101  10:17  Siege Tank x2  
  99  10:29  Marine  
  99  10:30  Marine x2  
  99  10:34  Marine x3  
  104  10:39  Command Center  
  104  10:47  Marine x3  
  106  11:00  Marine x3  
  108  11:05  Marine  
  108  11:06  Medivac x2  
  108  11:07  Siege Tank x2, Marine x2  
  121  11:18  Marine x3  
  122  11:22  Marine  
  116  12:05  Marine x2  
  116  12:06  Marine x4  
  122  12:23  Marine x3  
  122  12:24  Marine x2  
  121  12:44  Marine x3  
Tags
 
Add a new tag
Caveats
  • Supply blocks, unpowered buildings, or Contaminate may cause inaccurate times.
  • Supply counts are checked every 10 seconds.